 Dungeon Crawl Stone Soup version 0.31.0-11-ge490571c62 (webtiles) character file.

Game seed: 10602815069202490964

921 raph the Magician (level 7, -8/36 HPs)
             Began as a Deep Elf Fire Elementalist on Jan 30, 2024.
             Succumbed to a kobold brigand's curare-tipped dart
             ... in a sewer.
             The game lasted 00:10:22 (5689 turns).

raph the Magician (Deep Elf Fire Elementalist)      Turns: 5689, Time: 00:10:22

Health: -8/36      AC:  7    Str: 11    XL:     7   Next: 84%
Magic:  18/19      EV: 12    Int: 22    God:
Gold:   355        SH:  0    Dex: 15    Spells: 6/19 levels left

rFire   . . .        i - +1 dagger (holy)
rCold   . . .        (no shield)
rNeg    . . .        a - +0 robe
rPois   .            e - +0 helmet
rElec   .            (no cloak)
rCorr   .            (no gloves)
SInv    .            (no boots)
Will    .....        (no amulet)
Stlth   ++           q - +6 ring of strength
HPRegen 0.26/turn    j - +4 ring of protection
MPRegen 0.16/turn

%: no passive effects
@: lethally poisoned (-8 -> -41), slowed, very slow
A: no striking features
a: no special abilities


You were in a sewer.
You visited 1 branch of the dungeon, and saw 5 of its levels.
You also visited: Sewer and Ossuary.

You collected 439 gold pieces.
You spent 84 gold pieces at shops.

Inventory:

Hand Weapons
 c - a +0 dagger of flaming
 i - a +1 dagger of holy wrath (weapon)
Missiles
 u - 2 throwing nets
Armour
 a - a +0 robe (worn)
 e - a +0 helmet (worn)
 t - a +0 leather armour
Jewellery
 d - a ring of resist corrosion
 j - a +4 ring of protection (right hand)
 q - a +6 ring of strength (left hand)
 s - a ring of see invisible
Wands
 o - a wand of flame (13)
Scrolls
 g - 2 scrolls of fog
 k - 2 scrolls of fear
 m - a scroll of teleportation
 r - 2 scrolls of identify
Potions
 b - 2 potions of magic
 f - 2 potions of curing
 h - 2 potions of attraction
 l - 2 potions of heal wounds
 n - 2 potions of enlightenment
 p - 2 potions of brilliance
 v - a potion of haste


   Skills:
 - Level 2.4 Dodging
 - Level 2.4 Stealth
 + Level 6.7 Spellcasting
 + Level 5.5 Conjurations
 + Level 3.1 Necromancy
 + Level 6.4 Fire Magic


You had 6 spell levels left.
You knew the following spells:

 Your Spells              Type           Power      Damage    Failure   Level
a - Foxfire               Conj/Fire      100%       2x1d9     1%          1
b - Scorch                Fire           70%        2d7       1%          2
c - Inner Flame           Hex/Fire       21%        N/A       7%          3
d - Fugue of the Fallen   Necr           21%        N/A       7%          3
e - Flame Wave            Conj/Fire      33%        2d10      8%          4

Your spell library contained the following spells:

 Spells                   Type           Power      Damage    Failure   Level
 Sublimation of Blood     Necr           21%        N/A       3%          2
 Volatile Blastmotes      Fire/Tloc      42%        2d13      7%          3
 Ensorcelled Hibernation  Hex/Ice        14%        N/A       13%         2
 Anguish                  Hex/Necr       7%         N/A       41%         4
 Irradiate                Conj/Alch      9%         3d14      58%         5
 Petrify                  Alch/Erth      7%         N/A       63%         4


Dungeon Overview and Level Annotations

Branches:
Dungeon (5/15)              Sewer (1/1)             Ossuary (visited)
 Temple: D:4-7

Altars:
Ashenzari
Dithmenos
Makhleb
Okawaru
Trog
Uskayaw
The Shining One

Shops:
D:1 !

Annotations:
D:5 Pikel


Message History

You kill the adder!
The foxfire hits the kobold!
You kill the kobold!
You hear a splash.
Casting: Scorch (safe; 1% risk of failure)
Confirm with . or Enter, or press ? or * to list all spells.
You can't see any susceptible monsters within range! (Use Z to cast anyway.) Unknown command.
You start resting.
Magic restored.
You start waiting.
Done waiting.
You enter the shallow water.
Moving in this stuff is going to be slow.
A kobold brigand and a rat come into view.
The kobold brigand is wielding a +0 dagger and quivering curare-tipped darts.
The kobold brigand shouts!
The kobold brigand throws a curare-tipped dart.
The curare-tipped dart hits you.
You are poisoned.
You have difficulty breathing.
You feel yourself slow down.
You feel extremely sick.
You feel very sick.
You feel very sick.
The kobold brigand throws a curare-tipped dart.
The curare-tipped dart hits you.
You are lethally poisoned!
You have difficulty breathing.
* * * LOW HITPOINT WARNING * * *
You feel as though you will be slow longer.
The kobold brigand throws a curare-tipped dart.
The curare-tipped dart hits you.
You are more poisoned.
You have difficulty breathing.
* * * LOW HITPOINT WARNING * * *
You feel as though you will be slow longer.
Casting: Scorch (safe; 1% risk of failure)
Confirm with . or Enter, or press ? or * to list all spells.
You conjure some foxfire!
You die...

~
##~~....~####.~.~~~~~###~~~
#~~.~..~## #~~~~.~~~# ####
#.~~~.~~..####...~~~)###~~~
~~.~~.~~.~~.########~~~~.##
~~~#####~~~~.# #####~~~ ~.
##~~~.# #### ~ ##.~.# #v~~#
#@.~# ##v..## #~~.~~#
#~###~# #.# #)# #~# #~# K.~
~~K ~#~#~#~# #~ ~#~ ~#


You could see a kobold brigand (ally target).

Vanquished Creatures
  A black bear (D:5)
  2 phantoms
  A kobold brigand (Sewer)
  2 lemures (D:5)
  A bombardier beetle (D:4)
  A hound (D:5)
  An orc priest (D:4)
  A jelly (D:4)
  Jessica (D:3)
  Natasha (twice) (D:4)
  2 iguanas
  2 orc wizards (D:4)
  8 mummies (Ossuary)
  6 adders
  4 gnolls (D:4)
  A river rat (Sewer)
  A ribbon worm (D:4)
  5 dart slugs
  4 orcs (D:4)
  8 endoplasms
  7 giant cockroaches
  A gnoll zombie (Ossuary)
  8 goblins
  4 hobgoblins
  7 jackals (D:1)
  9 kobolds
  2 quokkas
  8 ball pythons
  3 bats
  2 frilled lizards (D:3)
  A hobgoblin zombie (Ossuary)
  2 kobold zombies (Ossuary)
  4 orc zombies (Ossuary)
  2 rats (D:2)
114 creatures vanquished.

Vanquished Creatures (others)
  285 foxfires
285 creatures vanquished.

Grand Total: 399 creatures vanquished

Notes
Turn   | Place    | Note
-------+----------+-------------------------------------------
     0 | D:1      | raph the Deep Elf Fire Elementalist began the quest for the
                  | Orb.
     0 | D:1      | Reached XP level 1. HP: 10/10 MP: 6/6
   206 | D:1      | Reached XP level 2. HP: 15/15 MP: 0/8
   542 | D:1      | Found Kuskuroi's Distillery.
   551 | D:1      | Learned a level 2 spell: Scorch
   656 | D:1      | Reached XP level 3. HP: 16/19 MP: 3/9
  1687 | D:2      | You fall into a shaft and drop 1 floor!
  1701 | D:3      | Noticed Jessica
  1709 | D:3      | Learned a level 3 spell: Inner Flame
  1712 | D:3      | Killed Jessica
  1713 | D:3      | Reached XP level 4. HP: 24/24 MP: 7/11
  1778 | D:3      | Found a hide-covered altar of Uskayaw.
  2159 | D:1      | Bought a potion of curing for 42 gold pieces
  2159 | D:1      | Bought a potion of attraction for 42 gold pieces
  2218 | D:3      | Found a bloodstained altar of Trog.
  2218 | D:3      | Found a shadowy altar of Dithmenos.
  2218 | D:3      | Found a broken altar of Ashenzari.
  2329 | D:3      | Found a faded altar of an unknown god.
  2631 | D:4      | Found an iron altar of Okawaru.
  2705 | D:4      | Noticed Natasha
  2750 | D:4      | Reached XP level 5. HP: 28/28 MP: 9/13
  2755 | D:4      | Noticed a phantom
  2765 | D:4      | Killed a phantom
  2766 | D:4      | Reached skill level 5 in Fire Magic
  2893 | D:4      | Killed Natasha
  2894 | D:4      | Reached XP level 6. HP: 28/32 MP: 8/15
  2905 | D:4      | Reached skill level 5 in Spellcasting
  2939 | D:4      | Found a sand-covered staircase.
  2987 | Ossuary  | Entered an ossuary
  3508 | D:4      | Learned a level 3 spell: Fugue of the Fallen
  3513 | D:4      | Learned a level 4 spell: Flame Wave
  3723 | D:4      | Found a burning altar of Makhleb.
  3731 | D:4      | Found a glowing golden altar of the Shining One.
  3893 | D:4      | Reached skill level 1 in Necromancy
  3905 | D:4      | Reached XP level 7. HP: 32/36 MP: 0/17
  4152 | D:4      | Noticed Natasha
  4156 | D:4      | Killed Natasha
  4510 | D:5      | Entered Level 5 of the Dungeon
  4621 | D:5      | Noticed Pikel
  4846 | D:5      | Reached skill level 5 in Conjurations
  5134 | D:5      | Found a glowing drain.
  5183 | Sewer    | Entered a sewer
  5688 | Sewer    | HP: 1/36 [asphyx]
  5689 | Sewer    | Succumbed to a kobold brigand's curare-tipped dart

Illustrated notes

Levels and vault maps discovered:
D:1:      saegor_arrival_simple_e, layout_rooms, serial_glass, glass_columns_a,
          glass_columns_b, glass_columns_b, glass_columns_a, glass_columns_b,
          glass_columns_c, glass_columns_c, glass_columns_c, glass_columns_a,
          glass_columns_b, serial_shops, shop, reono_crystal_passage
D:2:      layout_loops_ring
D:3:      layout_rooms, grunt_temple_overflow_open,
          shapermc_ecumenical_altar_rom_forum, uniq_jessica
D:4:      layout_gridville, mainiacjoe_overflow_catwalk,
          mainiacjoe_overflow_big_doors, enter_ossuary_3, uniq_natasha
D:5:      layout_loops_corners, minmay_overflow_temple_star_quad, serial_shops,
          shop, gup_sewer_entry_glass, mrwooster_statue_mirror, uniq_pikel
Sewer:    sewer_co_tree

Skill      XL: |  1  2  3  4  5  6  7 |
---------------+----------------------+-----
Conjurations   | 2 3 4 5 |  5.5
Fire Magic     | 4 5 6 |  6.4
Spellcasting   | 4 5 6 |  6.7
Necromancy     | 1 3 |  3.1
Dodging        | |  2.4
Stealth        | |  2.4

Action                     |  1- 3 |  4- 6 |  7- 9 || total
---------------------------+-------+-------+-------++-------
  Melee: Dagger            |     6 |    12 |       ||    18
   Cast: Foxfire           |    48 |    92 |    29 ||   169
         Scorch            |     8 |    25 |    15 ||    48
         Inner Flame       |       |     4 |     2 ||     6
         Fugue of the Fall |       |     2 |       ||     2
         Flame Wave        |       |       |     4 ||     4
    Use: Scroll            |       |    16 |     1 ||    17
         Potion            |       |     2 |     1 ||     3
 Armour: Robe              |    12 |    24 |    12 ||    48
  Dodge: Dodged            |    19 |    11 |    11 ||    41
